 Dungeon Crawl Stone Soup version 0.30.0-11-gf55b779eaf (webtiles) character file.

Game seed: 12747903931811344762

75 mdonais the Covered (level 4, -1/38 (40) HPs)
             Began as a Meteoran Fighter on May 17, 2023.
             Killed by divine providence
             ... invoked by an orc priest
              (9 damage)
             ... on level 6 of the Dungeon.
             The game lasted 00:04:08 (576 turns).

mdonais the Covered (Meteoran Fighter)               Turns: 576, Time: 00:04:09

HP:   -1/38 (40)    AC: 10    Str: 20    XL:     4   Next: 86%
MP:   5/5           EV:  7    Int:  9    God:
Gold: 45            SH:  5    Dex: 13    Spells: 3/3 levels left

rFire   . . .        a - +0 war axe
rCold   . . .        c - +0 buckler
rNeg    . . .        l - +0 chain mail
rPois   .            (no helmet)
rElec   .            (no cloak)
rCorr   .            e - +0 pair of gloves
SInv    .            (no boots)
Will    .....        h - amulet of magic regeneration Stlth
                     (no ring)
HPRegen 0.26/turn    (no ring)
MPRegen 0.49/turn

%: no passive effects
@: glowing, drained
A: sense surroundings 1, otherworldly, glowing, explore regen
a: no special abilities


You were on level 6 of the Dungeon.
You visited 1 branch of the dungeon, and saw 5 of its levels.

You collected 45 gold pieces.

Inventory:

Hand Weapons
 a - a +0 war axe (weapon)
Missiles
 k - 3 poisoned darts (quivered)
Armour
 b - a +0 scale mail
 c - a +0 buckler (worn)
 e - a +0 pair of gloves (worn)
   (You found it on level 1 of the Dungeon)
 g - a +0 plate armour
   (You found it on level 1 of the Dungeon)
 l - a +0 chain mail (worn)
   (You found it on level 2 of the Dungeon)
Jewellery
 h - an amulet of magic regeneration (around neck)
   (You found it on level 1 of the Dungeon)
Scrolls
 m - a scroll of magic mapping {unknown}
 n - 2 scrolls of identify {unknown}
 p - 3 scrolls of fear {unknown}
 q - a scroll of poison {unknown}
Potions
 d - a potion of might
 f - 2 potions of heal wounds {unknown}
 i - a potion of cancellation {unknown}
 j - a potion of degeneration {unknown}
 o - a potion of attraction {unknown}
 r - a potion of invisibility {unknown}


   Skills:
 * Level 4.1 Fighting
 * Level 3.7 Axes
 + Level 4.2 Armour
 - Level 4.0 Shields


You had 3 spell levels left.
You didn't know any spells.
Your spell library was empty.

Dungeon Overview and Level Annotations

Branches:
Dungeon (6/15) Zot: 2379
 Temple: D:4-7

Altars:


Innate Abilities, Weirdness & Mutations

You passively map a small area around you.
You are easily found by Zot.
You glow in the dark.
You regain HP and MP as you explore.


Message History

You slash the kobold!
You kill the kobold!
No target in view!
No target in view!
Found a scroll labelled TASOW MIAFUKLI.
Things that are here:
a +0 club; 4 stones; a kobold corpse Health restored: 40 You enter the shallow water.
Moving in this stuff is going to be slow.
Found a spear.
There is a fountain of sparkling water here.
n - 2 scrolls labelled TASOW MIAFUKLI (gained 1)
There is a dry fountain here.
You enter the shallow water.
Moving in this stuff is going to be slow.
You enter the shallow water.
Moving in this stuff is going to be slow.
There is a fountain of sparkling water here.
Found 13 gold pieces.
You now have 45 gold pieces (gained 13).
There is a fountain of sparkling water here.
You enter the shallow water.
Moving in this stuff is going to be slow.
Things that are here:
a +0 club; 4 stones; a kobold corpse
There is a stone staircase leading down here.
You climb downwards.
There is a stone staircase leading up here.
Found 6 gold pieces.
Found a lumpy clear potion.
Found a shiny onyx ring.
r - a lumpy clear potion A sourceless malevolence fills the Dungeon...
You fall into a shaft and drop 3 floors!
The shaft crumbles and collapses.
Found a stone staircase leading down.
You open the door.
Found a sling.
There is an open door here.
A bullfrog comes into view.
The bullfrog croaks.
There is an open door here.
You close the door.
You open the door.
There is an open door here.
Found a stone staircase leading up.
There is a stone staircase leading up here.
You climb upwards.
The orc wizard shouts!
The orc shouts! x3; The orc priest shouts!
Found a falchion.
There is a stone staircase leading down here.
The orc hits you but does no damage.
The orc wizard hits you but does no damage.
You climb downwards.
There is a stone staircase leading up here.
You closely miss the orc wizard. You block the orc wizard's attack.
You barely miss the orc wizard.
The orc wizard hits you but does no damage.
You slash the orc wizard!
The orc wizard is heavily wounded.
The orc wizard hits you with a +0 dagger.
The orc wizard gestures wildly while chanting.
The orc wizard flickers and vanishes!
Deactivating autopickup; reactivate with Ctrl-A.
You take 1 damage, and have 39/40 hp.
You hit something. Something hits you but does no damage.
Health restored: 40 You barely miss something.
You hear some strange, mumbled words.
A puff of flame appears from out of thin air!
The puff of flame hits you but does no damage.
You miss something. You block something's attack.
You hear some strange, mumbled words.
You are confused.
You are too confused!
You bump into the rock wall.
You hear some strange, mumbled words.
A puff of flame appears from out of thin air!
The puff of flame hits you.
You take 3 damage, and have 37/40 hp.
You closely miss something. Something hits you but does no damage.
You closely miss something.
Something hits you but does no damage. x2
You're too confused to move!
Something hits you but does no damage.
You bump into the rock wall.
You feel less confused. Something completely misses you.
You miss something. Something hits you but does no damage.
You hit something.
You hear some strange, mumbled words.
You are confused.
You bump into the rock wall.
Something hits you.
You take 1 damage, and have 37/40 hp.
You barely miss something. Something hits you. x2
You take 3 damage, and have 34/40 hp.
You bump into the rock wall.
Something hits you but does no damage.
You bump into the rock wall.
Something hits you but does no damage.
You bump into the rock wall.
You feel less confused. Something hits you.
You take 2 damage, and have 33/40 hp.
Unknown command.
You barely miss something. Something hits you but does no damage.
You miss something. Something hits you.
You take 2 damage, and have 31/40 hp.
You miss something. Something hits you.
You take 2 damage, and have 29/40 hp.
You closely miss something. Something hits you.
Something hits you but does no damage.
You take 3 damage, and have 26/40 hp.
You hit something.
Reactivating autopickup.
You feel a bit more experienced.
Your Fighting skill increases to level 4!
You hit the orc.
The orc is moderately wounded.
The orc hits you but does no damage.
You hit the orc but do no damage.
The orc is moderately wounded.
You block the orc's attack. The orc hits you but does no damage.
You slash the orc!
You kill the orc!
Items here: )) [[ †.
Items here: )) [[ †.
There is a stone staircase leading up here.
You climb upwards.
The orc hits you with a +0 hand axe.
There is a stone staircase leading down here.
You take 3 damage, and have 26/40 hp.
The orc priest mumbles some strange prayers to Beogh against you.
Pain shoots through your body! You block the orc's attack.
You climb downwards.
There is a stone staircase leading up here.
You take 12 damage, and have 14/40 hp.
MASSIVE DAMAGE!!
You are too injured to fight recklessly!
You are too injured to fight recklessly!
The orc priest hits you but does no damage.
You feel drained. You block the orc priest's attack.
You slash the orc priest!
The orc priest is heavily wounded.
The orc priest hits you with a +2 dagger of draining.
* * * LOW HITPOINT WARNING * * *
You feel drained.
* * * LOW HITPOINT WARNING * * *
You take 6 damage, and have 8/38 hp.
You hit the orc priest.
The orc priest is almost dead.
The orc priest calls down the wrath of Beogh upon you.
Beogh smites you!
You die...

* #...#......+....
*,#...#.#....#....
,#...#.#.##.#...) *
#...#.#.##.#....
+...'.>.##.#....
########...#.#.........
#........###.##+#######
#.######.# #..,
#...oo@#.# #...
########.# #.... #..
...... ###**#..... * ,
, * ,


You could see an orc priest and an orc.

Vanquished Creatures
  An orc wizard (D:6)
  An adder (D:2)
  A dart slug (D:3)
  An orc (D:6)
  4 bats (D:2)
  2 endoplasms
  A giant cockroach (D:2)
  3 goblins
  5 hobgoblins
  2 jackals (D:1)
  3 quokkas
  2 ball pythons
  A frilled lizard (D:3)
  4 kobolds
  6 rats
37 creatures vanquished.

Notes
Turn   | Place    | Note
-------+----------+-------------------------------------------
     0 | D:1      | mdonais the Meteoran Fighter began the quest for the Orb.
     0 | D:1      | Reached XP level 1. HP: 19/19 MP: 2/2
    44 | D:1      | Reached XP level 2. HP: 26/26 MP: 3/3
   136 | D:1      | Reached XP level 3. HP: 31/31 MP: 4/4
   353 | D:3      | Reached XP level 4. HP: 40/40 MP: 5/5
   503 | D:3      | You fall into a shaft and drop 3 floors!
   507 | D:6      | Noticed a bullfrog
   536 | D:5      | Entered Level 5 of the Dungeon
   576 | D:6      | Killed from afar by an orc priest

Illustrated notes

Levels and vault maps discovered:
D:1:      shiori_arrival_oz, layout_loops_ring
D:2:      layout_basic, supply_closet_lemuel, fountainhead, item_on_display_a
D:3:      layout_rooms, palyth_temple_overflow_mages, nrook_campfire,
          uniq_grinder
D:5:      layout_basic, cheibrodos_ashenzari_chains, minmay_temple_entry_trees,
          gammafunk_ghost_split
D:6:      layout_basic, uniq_blork_the_orc

Skill      XL: |  1  2  3  4 |
---------------+-------------+-----
Axes           | 3 |  3.7
Armour         | 4 |  4.2
Shields        | 4 |  4.0
Fighting       | 4 |  4.1

Action                     |  1- 3 |  4- 6 || total
---------------------------+-------+-------++-------
  Melee: War axe           |    71 |    37 ||   108
 Armour: Scale mail        |    38 |       ||    38
         Chain mail        |       |    33 ||    33
  Dodge: Dodged            |    31 |     7 ||    38
  Block: Buckler           |    20 |    13 ||    33
